Cogmind - Beta 11.1 @@@ ROGUE MODE // 2022.10.15 @ 22:42:01 Player: Beepinex Result: Destroyed by Y-45 Defender with Beam Rifle Performance ------------- Evolutions (2) 1000 Regions Visited (5) 1000 Robots Destroyed (62) 310 Value Destroyed (1390) 1390 Prototype IDs (1) 20 Alien Tech Used (0) 0 Bonus (35) 35 TOTAL SCORE: 3755 Bonus ------- High Alert Combat Kills 35 Cogmind --------- Core Integrity 0/550 Matter 217/300 Energy 122/125 System Corruption 2% Temperature Cool (15) Movement Flying (37) Location -8/Storage Parts ------- > --- POWER (1) -------- Light Ion Engine > --- PROPULSION (3) --- Improved Flight Unit Improved Flight Unit > --- UTILITY (5) ------ Advanced Visual Processing Unit Advanced Targeting Computer > --- WEAPON (2) ------- Ion Cannon > --- INVENTORY (5) ---- Improved Hover Unit Beam Rifle Ion Cannon Datajack Peak State ------------ > --- POWER ------------ Light Nuclear Core > --- PROPULSION ------- Flight Unit Flight Unit Flight Unit > --- UTILITY ---------- Improved Heat Sink Small Storage Unit Weight Redist. System Advanced Visual Processing Unit Advanced Targeting Computer > --- WEAPON ----------- Ion Cannon Mining Laser > --- INVENTORY -------- Light Nuclear Core Flight Unit ECM Suite ECM Suite Ion Cannon Datajack [Rating: 23] Favorites ----------- Power Light Ion Engine Engine Light Ion Engine Power Core Light Nuclear Core Propulsion Flight Unit Wheel Wheel Hover Unit Improved Hover Unit Flight Unit Flight Unit Utility Advanced Visual Processing Unit Device Weight Redist. System Storage Small Storage Unit Processor Advanced Visual Processing Unit Weapon Small Laser Energy Gun Small Laser Energy Cannon Beam Cannon Ballistic Gun Light Assault Rifle Ballistic Cannon Assault Cannon Special Weapon Mining Laser Build | -11 -10 -9 -9 -8 -8 ------- Run | Scr Mat Mat Min Mat Sto Slots Evolved 4 | . . 2 . 2 . Power . | . . . . . . Propulsion 1 | . . 1 . . . Utility 3 | . . 1 . 2 . Weapon . | . . . . . . Parts Attached 60 | 6 11 10 8 16 9 Power 9 | 1 2 2 . 3 1 Engine 5 | 1 2 1 . . 1 Core 4 | . . 1 . 3 . Reactor . | . . . . . . Propulsion 18 | 3 4 1 4 3 3 Treads . | . . . . . . Leg . | . . . . . . Wheel 4 | 3 1 . . . . Hover 2 | . . . . 2 . Flight 12 | . 3 1 4 1 3 Utility 19 | 1 2 7 1 7 1 Device 12 | . 2 5 1 3 1 Storage 4 | 1 . 1 . 2 . Processor 3 | . . 1 . 2 . Hackware . | . . . . . . Protection . | . . . . . . Artifact . | . . . . . . Weapon 14 | 1 3 . 3 3 4 Energy Gun 4 | 1 1 . 1 . 1 Energy Cannon 4 | . 1 . . 2 1 Ballistic Gun 2 | . . . 2 . . Ballistic Cannon 2 | . . . . . 2 Launcher . | . . . . . . Special Weapon 2 | . 1 . . 1 . Impact Weapon . | . . . . . . Slashing Weapon . | . . . . . . Piercing Weapon . | . . . . . . Special Melee Weapon . | . . . . . . Unidentified Prototypes 1 | . . . . . 1 Parts Lost 32 | . 6 5 2 14 5 Power 6 | . 1 1 . 4 . Propulsion 10 | . 2 2 1 4 1 Utility 10 | . 2 2 . 3 3 Weapon 6 | . 1 . 1 3 1 Highest Loss Streak 8 | . 3 2 1 8 3 To Critical Strikes . | . . . . . . Average Slot Usage (%) 67 | . 67 51 73 78 63 Engine 4 | . 11 6 . . 1 Core 3 | . . 1 11 5 . Wheel 4 | . 19 . . . . Hover 1 | . . . . 5 1 Flight 14 | . 3 15 21 17 16 Device 16 | . 8 15 27 16 17 Storage 2 | . 4 . . 5 . Processor 6 | . . 1 . 15 18 Energy Gun 3 | . 12 . 3 . 1 Energy Cannon 5 | . 1 11 4 7 2 Ballistic Gun 1 | . . . 5 1 . Special Weapon 1 | . 3 . . 3 . Naked Turns . | . . . . . . Heaviest Build 18 | 9 11 10 10 18 10 Greatest Support 26 | 26 20 10 18 18 14 Greatest Overweight (x) 1 | . . 1 . 1 1 Average Overweight (x) . | . . . . . . Largest Inventory Capacity 10 | 8 8 10 5 8 5 Average Capacity 5 | 7 6 5 5 6 5 Most Carried 6 | 4 5 5 5 6 5 Average Carried 3 | 1 2 3 4 3 2 Final Capacity 8 | 8 5 5 5 5 5 Final Carried 5 | 4 1 5 5 2 4 Class Distribution -------------------- 81% | Mutant 14% | Scavenger-Mutant 3% | Sprinter Dominant Class ---------------- Mutant | -10/Materials Mutant | -9/Materials Mutant | -9/Mines Mutant | -8/Materials Mutant | -8/Storage Resources | -11 -10 -9 -9 -8 -8 ----------- Run | Scr Mat Mat Min Mat Sto Matter Collected 702 | 260 80 93 66 105 98 Remotely . | . . . . . . Salvage Created 2087 | 224 402 685 111 418 247 Parts 131 | 12 28 45 10 24 12 Haulers Intercepted 6 | . 1 4 . . 1 Recyclers Shooed 2 | . . . . 2 . Parts Field Recycled . | . . . . . . Retrieved Matter . | . . . . . . Parts Self-Destructed . | . . . . . . Prevented . | . . . . . . Kills | -11 -10 -9 -9 -8 -8 ------- Run | Scr Mat Mat Min Mat Sto Combat Hostiles Destroyed 40 | . 9 10 8 9 4 Guns 16 | . 9 . 6 . 1 Cannons 23 | . . 10 2 8 3 Classes Destroyed 10 | 3 4 2 . . 1 Worker 3 | 2 . 1 . . . Builder 1 | . . . . . 1 Tunneler 6 | 5 1 . . . . Hauler 6 | . 1 4 . . 1 Recycler 1 | 1 . . . . . Operator 2 | . . 1 . 1 . Watcher 3 | . 1 1 . 1 . Swarmer 14 | . 3 . 8 3 . Grunt 20 | . 6 7 . 4 3 Sentry 6 | . . 3 . 2 1 Best Kill Streak 8 | 4 3 8 4 6 3 Combat Bots Only 6 | . 3 6 4 4 3 Max Kills in Single Turn 1 | 1 1 1 1 1 1 Gunslinging . | . . . . . . Exploded . | . . . . . . Melee . | . . . . . . Uniques/NPCs Destroyed . | . . . . . . Combat | -11 -10 -9 -9 -8 -8 -------- Run | Scr Mat Mat Min Mat Sto Damage Taken 3029 | . 740 316 210 1045 718 Core 990 | . 249 121 66 192 362 Absorbed by Shields . | . . . . . . Core Remaining (%) 51 | 100 . . 53 . . Volleys Fired 285 | 44 83 51 19 49 39 Largest 1 | 1 1 1 1 1 1 Hottest 100 | 40 100 60 60 100 60 Shots Fired 285 | 44 83 51 19 49 39 Gun 144 | 44 78 . 15 . 7 Cannon 138 | . 3 51 4 48 32 Launcher . | . . . . . . Special 3 | . 2 . . 1 . Kinetic 22 | . . . . . 22 Thermal 263 | 44 83 51 19 49 17 Explosive . | . . . . . . Electromagnetic . | . . . . . . Robot Hit Streak 16 | 4 10 16 5 6 14 Robot Miss Streak 5 | 3 5 3 2 4 2 Penetration Max . | . . . . . . Secondary Targets . | . . . . . . Shots Hit Robots 193 | 26 57 39 13 29 29 Core Hits 81 | 9 21 19 7 15 10 Critical Kills 2 | . . 1 . 1 . Critical Parts Destroyed . | . . . . . . Critical Strikes 2 | . . 1 . 1 . Meltdown 2 | . . 1 . 1 . Melee Attacks . | . . . . . . Impact . | . . . . . . Slashing . | . . . . . . Piercing . | . . . . . . Sneak Attacks . | . . . . . . Combat Hostiles . | . . . . . . Follow-up Attacks . | . . . . . . Damage Inflicted 3248 | 302 641 718 161 776 650 Guns 1120 | 302 607 . 109 . 102 Cannons 2113 | . 34 718 52 761 548 Explosions . | . . . . . . Melee . | . . . . . . Ramming 15 | . . . . 15 . Kinetic 413 | . . . . . 413 Thermal 2820 | 302 641 718 161 761 237 Explosive . | . . . . . . Electromagnetic . | . . . . . . Impact . | . . . . . . Slashing . | . . . . . . Piercing . | . . . . . . Highest Corruption 2 | . . . . 2 2 Average Corruption 2 | . . . . 2 2 Corruption Purged . | . . . . . . Corruption Blocked . | . . . . . . Effects 6 | . . . . 1 5 Message Errors 1 | . . . . . 1 Matter Fused 1 | . . . . 1 . Energy Discharges 1 | . . . . . 1 Parts Rejected 1 | . . . . . 1 Data Loss (minor) 1 | . . . . . 1 Data Loss (major) 1 | . . . . . 1 Overload Shots . | . . . . . . Overflow Damage 32 | . . 6 15 11 . Projectiles 32 | . . 6 15 11 . Explosions . | . . . . . . Melee . | . . . . . . Knockbacks 6 | . . . . . 6 Impact . | . . . . . . Kinetic 6 | . . . . . 6 Secondary . | . . . . . . Self-Inflicted Damage 7 | . . . . 7 . Shots . | . . . . . . Rammed 6 | . . . . 6 . Targets Rammed 6 | . . . . 6 . Kicked . | . . . . . . Crushed . | . . . . . . Highest Temperature 123 | 20 90 90 . 46 123 Average Temperature 23 | 20 27 22 . 11 30 Received Heat Transfer 1227 | . 282 126 . 468 351 Siege Activations . | . . . . . . Robots Corrupted . | . . . . . . Combat Hostiles . | . . . . . . Parts Fried . | . . . . . . Impact Corruptions . | . . . . . . Robots Melted 2 | . . 1 . 1 . Combat Hostiles 1 | . . . . 1 . Parts Melted 9 | 1 4 2 . 2 . Heat Transferred 5692 | 675 1474 1480 361 1221 481 Parts Sabotaged . | . . . . . . Parts Stolen . | . . . . . . Parts Stripped . | . . . . . . Power Chain Reactions . | . . . . . . Missiles Intercepted . | . . . . . . Alert | -11 -10 -9 -9 -8 -8 ------- Run | Scr Mat Mat Min Mat Sto Peak Influence 527 | 40 295 527 365 363 457 Initial 205 | . 26 124 205 142 144 Average 218 | 16 159 332 276 182 316 Maximum Alert Level 2 | . 1 2 1 1 2 Low Security (%) 50 | 100 75 15 . 80 25 Level 1 40 | . 24 50 100 19 49 Level 2 9 | . . 34 . . 24 Level 3 . | . . . . . . Level 4 . | . . . . . . Level 5 . | . . . . . . High Security . | . . . . . . Max Security . | . . . . . . Squads Dispatched 11 | . 2 3 . 5 1 Investigation 6 | . 1 1 . 3 1 Extermination . | . . . . . . Reinforcement 4 | . 1 2 . 1 . Assault . | . . . . . . Garrison 1 | . . . . 1 . Intercept . | . . . . . . Searches Triggered . | . . . . . . Construction Impeded . | . . . . . . Haulers Reinforced . | . . . . . . Active Scanning Responses . | . . . . . . Cargo Convoy Interrupts . | . . . . . . Stealth | -11 -10 -9 -9 -8 -8 --------- Run | Scr Mat Mat Min Mat Sto Distress Signals 6 | . 1 2 . 3 . Communications Jammed . | . . . . . . Distress Signals . | . . . . . . Times Spotted 98 | . 14 23 7 31 23 Peak Tracking Total 13 | . 6 8 4 9 13 Tactical Retreats 13 | . 1 2 . 6 4 Traps | -11 -10 -9 -9 -8 -8 ------- Run | Scr Mat Mat Min Mat Sto Traps Triggered 3 | . 1 1 . 1 . Indirectly . | . . . . . . Trap Hack Attempts . | . . . . . . Triggered . | . . . . . . Disarmed . | . . . . . . Reprogrammed . | . . . . . . Reused . | . . . . . . Traps Extracted . | . . . . . . Installed . | . . . . . . Triggered . | . . . . . . Machines | -11 -10 -9 -9 -8 -8 ---------- Run | Scr Mat Mat Min Mat Sto Machines Disabled 2 | . . . . . 2 Max in Single Turn 1 | . . . . . 1 Machines Sabotaged . | . . . . . . Garrisons Compromised . | . . . . . . Overloaded Fab Kills . | . . . . . . Hacking | -11 -10 -9 -9 -8 -8 --------- Run | Scr Mat Mat Min Mat Sto Machines Accessed 20 | . 4 2 1 8 5 Terminals 19 | . 4 1 1 8 5 Fabricators . | . . . . . . Repair Stations . | . . . . . . Recycling Units . | . . . . . . Scanalyzers 1 | . . 1 . . . Garrison Access . | . . . . . . Total Hacks 71 | . 17 6 2 25 21 Successful 44 | . 11 5 . 13 15 Failed 26 | . 5 1 2 12 6 Catastrophic 6 | . . . 1 4 1 Database Lockouts 1 | . 1 . . . . Manual 69 | . 17 2 2 25 23 Terminals 67 | . 17 2 2 25 21 Fabricators . | . . . . . . Repair Stations . | . . . . . . Recycling Units . | . . . . . . Scanalyzers 4 | . . 4 . . . Garrison Access . | . . . . . . Terminal Hacks 16 | . 4 1 . 4 7 Robot Analysis 1 | . 1 . . . . Branch Access Points 1 | . 1 . . . . Terminal Index 3 | . 1 1 . . 1 Fabricator Index 1 | . . . . . 1 Repair Station Index 1 | . . . . . 1 Recycling Unit Index 1 | . . . . . 1 Garrison Index 1 | . . . . . 1 Unreport Threat 1 | . . . . 1 . Zone Layout 6 | . 1 . . 3 2 Fabricator Hacks . | . . . . . . Repair Station Hacks . | . . . . . . Recycling Unit Hacks . | . . . . . . Scanalyzer 4 | . . 4 . . . Insert Component 2 | . . 2 . . . Analyze 2 | . . 2 . . . Garrison Access Hacks . | . . . . . . Unauthorized Hacks 24 | . 7 . . 9 8 Terminals 24 | . 7 . . 9 8 Track 11 | . 3 . . 6 2 Assimilate 1 | . 1 . . . . Botnet 9 | . 2 . . 3 4 Disrupt 2 | . 1 . . . 1 Operators 1 | . . . . . 1 Fabricators . | . . . . . . Repair Stations . | . . . . . . Recycling Units . | . . . . . . Scanalyzers . | . . . . . . Garrison Access . | . . . . . . Data Cores Recovered 1 | . . . . 1 . Used 1 | . . . . 1 . Hacking Detections 19 | . 3 1 1 8 6 Full Trace Events 6 | . 1 . . 4 1 Feedback Events . | . . . . . . Feedback Blocked . | . . . . . . Robot Schematics Acquired . | . . . . . . Robots Built . | . . . . . . Authchips . | . . . . . . Time . | . . . . . . Total Robot Build Rating . | . . . . . . Part Schematics Acquired . | . . . . . . Parts Built . | . . . . . . Authchips . | . . . . . . Time . | . . . . . . Total Part Build Rating . | . . . . . . Parts Repaired . | . . . . . . Time . | . . . . . . Parts Recycled . | . . . . . . Recycled Matter . | . . . . . . Retrieved Matter . | . . . . . . Retrieved Components . | . . . . . . Parts Scanalyzed 2 | . . 2 . . . Part Schematics Acquired . | . . . . . . Parts Damaged . | . . . . . . Bothacking | -11 -10 -9 -9 -8 -8 ------------ Run | Scr Mat Mat Min Mat Sto Used RIF Installer . | . . . . . . Robots Hacked . | . . . . . . Non-combat . | . . . . . . Combat . | . . . . . . Robot Hacks Applied . | . . . . . . Relay Couplers Released . | . . . . . . Fabnet Peak Effective % . | . . . . . . Robots Rewired . | . . . . . . Allies Hacked . | . . . . . . Hacks Repelled . | . . . . . . Allies | -11 -10 -9 -9 -8 -8 -------- Run | Scr Mat Mat Min Mat Sto Total Allies . | . . . . . . Largest Group . | . . . . . . Highest-Rated Group . | . . . . . . Highest-Rated Ally . | . . . . . . Total Orders . | . . . . . . Ally Attacks . | . . . . . . Total Damage . | . . . . . . Kills . | . . . . . . Allies Corrupted . | . . . . . . Allies Melted . | . . . . . . Intel | -11 -10 -9 -9 -8 -8 ------- Run | Scr Mat Mat Min Mat Sto Robot Analysis Total 1 | . 1 . . . . Derelict Logs Recovered 2 | . . . 2 . . Drone Launches . | . . . . . . Drone Recoveries . | . . . . . . Exploration | -11 -10 -9 -9 -8 -8 ------------- Run | Scr Mat Mat Min Mat Sto Turns Passed 1760 | 190 364 326 264 388 228 Spaces Moved 1998 | 108 216 434 579 369 292 Core 28 | 12 . 16 . . . Treads . | . . . . . . Legs . | . . . . . . Wheels 246 | 96 150 . . . . Hover 161 | . . . . 134 27 Flight 1563 | . 66 418 579 235 265 Fastest Speed 32 | 50 37 35 32 34 34 Average Speed 45 | 78 66 38 34 52 41 Slowest Speed 120 | 90 80 117 37 120 120 Overloaded Moves . | . . . . . . Propulsion Burnouts . | . . . . . . Robots Hopped 19 | . . 2 . 3 14 Cave-ins Triggered . | . . . . . . Exploration Rate (%) 43 | 4 29 37 90 45 54 Regions Visited 5 Branch Regions 2 Pre-discovered Areas . | . . . . . . Known Exits Taken . | . . . . . . Unknown Exits Taken 5 | 1 1 1 1 1 . Scrap Searched 1 | . . . 1 . . Spaces Dug 2 | . 1 . . 1 . Terrain Destroyed 5 | . 2 . . 1 2 Melee . | . . . . . . Projectile 5 | . 2 . . 1 2 AOE . | . . . . . . Terrain Rammed . | . . . . . . Walls Destroyed . | . . . . . . Machines Disabled . | . . . . . . Actions | -11 -10 -9 -9 -8 -8 --------- Run | Scr Mat Mat Min Mat Sto Total 2533 | 168 348 540 624 508 345 Wait 128 | . 26 27 11 54 10 Move 1959 | 107 215 429 578 363 267 Hop 15 | . . 2 . 2 11 Pick Up 57 | 10 8 13 6 11 9 Fast Attach 7 | . . 2 2 3 . Attach 43 | 5 7 8 5 11 7 Detach 2 | . . 2 . . . Swap 10 | 1 4 . 1 2 2 Drop 21 | 1 5 6 2 7 . Fire 285 | 44 83 51 19 49 39 Melee . | . . . . . . Ram 6 | . . . . 6 . Kick . | . . . . . . Crush . | . . . . . . Escape Stasis . | . . . . . . Rewire . | . . . . . . Trap . | . . . . . . Miscellaneous . | . . . . . . Route ------- -11/Scrapyard -10/Materials (discovered 2 exits: *Mat / Min) -9/Materials (discovered 2 exits: *Mat / *Min) -9/Mines -8/Materials (discovered 2 exits: [Fac] / *Sto) -8/Storage History --------- Turn | Location | Event 10 | -11/Scrapyard | Discovered new exit (range 16) 191 | -11/Scrapyard | Entered Materials 271 | -10/Materials | Core integrity fell below 50% 283 | -10/Materials | Identified exit to Mines 304 | -10/Materials | Build established: Mutant 345 | -10/Materials | Lost 3 parts (1p2u) 409 | -10/Materials | Discovered new exit (range 12) 419 | -10/Materials | Lost 3 parts (2n1w) 455 | -10/Materials | Core integrity fell below 20% 538 | -10/Materials | Central database locked down 555 | -10/Materials | Entered another Materials area 555 | -9/Materials | Evolved 2 slots: Propulsion x1, Utility x1 837 | -9/Materials | Discovered new exit (range 15) 868 | -9/Materials | Discovered new exit (range 12) 881 | -9/Materials | Entered Mines 892 | -9/Mines | Learned 2 Materials zone layouts 944 | -9/Mines | Learned Materials stockpile data 1140 | -9/Mines | Discovered new exit (range 13) 1145 | -9/Mines | Entered Materials 1145 | -8/Materials | Evolved 2 slots: Utility x2 1289 | -8/Materials | Garrison activated, responded to threat 1348 | -8/Materials | Discovered new exit (range 15) 1361 | -8/Materials | Lost 8 parts (2p2n2u2w) 1522 | -8/Materials | Discovered new exit (range 11) 1533 | -8/Materials | Entered Storage 1563 | -8/Storage | Lost 3 parts (1p1n1w) 1659 | -8/Storage | Core integrity fell below 50% 1677 | -8/Storage | Core integrity fell below 20% 1695 | -8/Storage | Lost 3 parts (1n1u1w) 1761 | -8/Storage | Destroyed by Y-45 Defender with Beam Rifle Last Messages --------------- 01703_ Acquired Ion Cannon. 01716_ Storage Shell breached. 01719_ Acquired Lgt. Ion Engine. 01731_ /UA,QT=3XOH5HX|8DB&8&JH 8 #9IF,P 01735_ Critical hit (Burn: +37). 01739_ Cryofiber Web destroyed. 01741_ Adv. Weight Redist. System destroyed. 01746_ Connecting with Terminal... >>Layout(Zone) Retrieving Zone 3J layout... Downloaded map data. 01746_ Connecting with Terminal... >>Trojan(Track) Trojan loaded successfully. Testing... Tracking enabled and active. 01746_ ALERT: Suspicious activity at Terminal S002. Dispatching Investigation squad. 01750_ Connecting with Door Terminal... 01756_ K-01 Serf collects debris. Map ----- +----------------------------------------------------+ | #########""" #???????????????????????????????? | | ##""" #???????????????????????????????? | | ###### ## #???????????????????????????????? | | ?????#]##/##+####??????????????????????????????? | | ?????#[[%[ ! #??????????????????????????????? | | ?????####### #??????????????????????????????? | | ???????????# #??????????????????????????????? | | ???????????# #??????????????????????????????? | | ???????????# ####??????????????????????????????? | | ??########## ############ ##?# # ????????? | | ??+ # ### ##?# # ????????? | | ??# # ###" "##?# # ????????? | | ### # """ ### T#?# + ????????? | | # """"[" #####+#####/#####????????? | | + "]""]" ### # """ #????????? | | # " ""!" / # "R" #????????? | | ############## "=""" ### # " " #????????? | | ?????????????# "" #?# # #????????? | | ?????????????# Y #?## ## #????????? | | ?????????????##########??# ## ?????????? | | ????????????????######???# ## #????????? | | ????????????????# """#???#Y ## #????????? | | ?????????????####""R"#???# ## #????????? | | ????????????## ##"" "##### ### #######????????? | | ????????????# T #g #?###??????????????? | | ????????????# """ @g #??????????????????? | | ????????????# """ == #Y #??????####????????? | | ????????????# """ == # Y########T#"????????? | | ????????????# = [ # "????????? | | ????????????############## g "????????? | | ??????????????????????######/##+######"????????? | | ??????????????????????# u #?##????????? | | ??????????????????????# #???????????? | | ??????????????????????# #???????????? | | ??????????????????????# #???????????? | | ??????????????????????# #???????????? | | ??????????????????????##############???????????? | | | | | | | | | | | | | | | | | | | | | | | | | | | +----------------------------------------------------+ Best States ------------- Heat Dissipation 45 Energy Generation 14 Energy Capacity 360 Matter Stores 300 Matter Capacity 300 Sight Range 20 Terrain Scan Density 10 ECM Strength 1 Additional Mass Support 6 Base Temperature (-) 100 Evasion (%) 63 Targeting Accuracy 8 Item Schematics ----------------- None Robot Schematics ------------------ None Fabricated ------------ Nothing Alien Tech Used ----------------- None Achievements -------------- Cya! Challenges ------------ None Game ------ Seed CarbideRemoteMace Manual? 0 Play Time 00:52:45 Cumulative 26.2 hours Start 2022.10.15 @ 21:52:48 End 2022.10.15 @ 22:42:01 Sessions 1 Manual Loads 0 Difficulty Rogue Special Mode None Game No. 48 Rogue 48 Adventurer 0 Explorer 0 Win Type - Total 0 Types 0/0/0/0/0/0/0/0/0 Lore% 18 Gallery% 21 Achievement% 23 Wizard Run 0 Options --------- ASCII 0 Keyboard 0 Movement Numpad Keybinds 0 Fullscreen 2 Font 18/TerminusBold Map View 76x50 Tactical HUD 1 Map Filters NONE Filters NONE Steam 1 RUN: 0a704de8-4147-4236-922f-9956007b6c00